 Dungeon Crawl Stone Soup version 0.31.0-12-g77e489cdc1 (webtiles) character file.

Game seed: 2294168535031507264

1148 spaghetti the Covert (level 8, -2/52 HPs)
             Began as a Formicid Chaos Knight on Feb 23, 2024.
             Was a Plaything of Xom.
             Slain by an orc warrior
             ... wielding a +0 glaive
              (13 damage)
             ... in a bailey.
             The game lasted 00:04:40 (3779 turns).

spaghetti the Covert (Formicid Chaos Knight)        Turns: 3779, Time: 00:04:40

Health: -2/52      AC:  7    Str: 20    XL:     8   Next: 65%
Magic:  8/8        EV: 11    Int: 11    God:    Xom [*.....]
Gold:   347        SH:  0    Dex: 19    Spells: 7/7 levels left

rFire   . . .        f - +2 dagger (venom)
rCold   + . .        (no shield)
rNeg    . . .        b - +2 leather armour
rPois   .            (helmet unavailable)
rElec   .            n - +0 cloak
rCorr   .            v - +0 pair of gloves
SInv    +            (no boots)
Will    .....        i - amulet of regeneration
Stlth   +++++        e - ring of protection from cold
HPRegen 1.08/turn    m - +6 ring of strength
MPRegen 0.11/turn

%: no passive effects
@: no status effects
A: permanent stasis, dig shafts and tunnels, antennae 3, four strong arms, agile
1, frail 1, weak 1
a: Dig, Renounce Religion


You were in a bailey.
You worshipped Xom.
You were a special plaything of Xom.
You visited 1 branch of the dungeon, and saw 8 of its levels.
You also visited: Bailey.

You collected 347 gold pieces.

Inventory:

Hand Weapons
 a - a +0 short sword of chaos
 f - a +2 dagger of venom (weapon)
Armour
 b - a +2 leather armour (worn)
 n - a +0 cloak (worn)
 v - a +0 pair of gloves (worn)
Jewellery
 e - a ring of protection from cold (left hand)
 i - an amulet of regeneration (around neck)
 m - a +6 ring of strength (right hand)
 u - a ring of flight
Wands
 q - a wand of flame (12)
Scrolls
 c - a scroll of butterflies
 h - 6 scrolls of teleportation
 l - 2 scrolls of poison
 r - a scroll of fog
 s - 3 scrolls of noise
Potions
 d - a potion of heal wounds
 g - 2 potions of curing
 j - 2 potions of brilliance
 k - a potion of attraction
 o - 2 potions of haste
 p - a potion of berserk rage
 t - a potion of enlightenment


   Skills:
 - Level 3.2 Fighting
 - Level 3.0 Short Blades
 - Level 2.1 Armour
 - Level 0.8 Dodging
 + Level 12.4 Stealth


You had 7 spell levels left.
You didn't know any spells.
Your spell library contained the following spells:

 Spells                   Type           Power      Damage    Failure   Level
 Magic Dart               Conj           0%         1d3       38%         1
 Call Imp                 Summ           0%         N/A       52%         2
 Stone Arrow              Conj/Erth      0%         3d7       77%         3
 Animate Armour           Summ/Erth      0%         N/A       99%         4
 Lehudib's Crystal Spear  Conj/Erth      0%         10d2      100%        8
 Blink                    Tloc           Unusable   N/A       N/A         2

Dungeon Overview and Level Annotations

Branches:
Dungeon (8/15)             Temple (0/1) D:4          Bailey (1/1)
   Lair: D:8-11

Altars:
Gozag
Kikubaaqudgha
Makhleb
Xom
Yredelemnul
The Shining One

Shops:
D:4 :


Innate Abilities, Weirdness & Mutations

You cannot be hasted, slowed, berserked, paralysed or teleported.
You can dig through walls and to a lower floor.
You have a pair of large antennae on your head. (SInv)
Your four strong arms can wield two-handed weapons with a shield.
You are agile. (Dex +4, Str/Int -1)
You are frail. (-10% HP)
You are weak. (Str -2)


Message History

The orc warrior is severely wounded.
The orc barely misses you.
The howler monkey hoots and howls with incredible vigour!
The orc warrior misses you.
You hear a shout!
You hit the orc warrior but do no damage.
The orc warrior is severely wounded.
The howler monkey hoots and howls with incredible vigour!
The orc barely misses you. The orc warrior barely misses you.
You hear a shout!
You hit the orc warrior but do no damage.
The orc warrior looks as sick as possible!
The orc warrior is severely wounded.
The orc closely misses you.
The orc warrior hits you with a +0 glaive!
You hit the orc warrior but do no damage.
The orc warrior looks as sick as possible!
The orc warrior is severely wounded. "Take this instrument of something!"
Something appears at your feet!
You see here a wand of acid (5).
The howler monkey hoots and howls with incredible vigour!
The orc hits you but does no damage.
You hear a shout! x3
You closely miss the orc warrior.
The orc warrior is severely wounded.
The orc warrior hits you but does no damage.
You hit the orc warrior but do no damage.
The orc warrior looks as sick as possible!
The orc warrior is severely wounded.
The orc barely misses you.
The orc warrior hits you with a +0 glaive!
* * * LOW HITPOINT WARNING * * *
Unknown command.
Unknown command.
You hit the orc warrior but do no damage.
The orc warrior looks as sick as possible!
The orc warrior is almost dead.
The orc misses you.
The orc warrior hits you with a +0 glaive!
You die...

#### ##∩∩#
#@.## ##o.#
.######oo##
.o{....{oo#
~~~~o~~~~.#
........~.#
#######.~.#
$$. #.~.#
#.$. ..~.#


You could see an orc warrior (extremely poisoned) and 3 orcs.

Vanquished Creatures
  Sigmund (D:2)
  An ice beast (D:6)
  An ogre (D:6)
  A phantom (D:5)
  A bullfrog (D:6)
  A scorpion (D:5)
  2 jellies (D:6)
  A hound (D:5)
  2 bombardier beetles
  A gnoll bouda (D:6)
  4 iguanas
  4 orc wizards
  9 gnolls
  3 adders
  3 white imps (D:6)
  2 ribbon worms
  7 orcs
  13 ball pythons
  3 endoplasms
  5 giant cockroaches
  9 goblins
  2 hobgoblins (D:1)
  2 jackals (D:2)
  7 kobolds
  3 quokkas
  3 bats
  3 frilled lizards
  3 rats
97 creatures vanquished.

Vanquished Creatures (others)
  An orc wizard (D:7)
1 creature vanquished.

Grand Total: 98 creatures vanquished

Notes
Turn   | Place    | Note
-------+----------+-------------------------------------------
     0 | D:1      | spaghetti the Formicid Chaos Knight began the quest for the
                  | Orb.
     0 | D:1      | Reached XP level 1. HP: 18/18 MP: 1/1
    20 | D:1      | an endoplasm changed into a bombardier beetle
    20 | D:1      | Noticed a bombardier beetle
    21 | D:1      | Killed a bombardier beetle
    22 | D:1      | Reached skill level 3 in Stealth
    22 | D:1      | Reached XP level 2. HP: 23/24 MP: 2/2
    22 | D:1      | Reached XP level 3. HP: 28/29 MP: 3/3
   135 | D:1      | Reached skill level 4 in Stealth
   162 | D:1      | XOM: silly message
   245 | D:1      | XOM: silly message
   514 | D:1      | XOM: silly message
   548 | D:2      | Reached XP level 4. HP: 35/35 MP: 4/4
   643 | D:2      | XOM: silly message
   649 | D:2      | Reached skill level 5 in Stealth
   708 | D:2      | Gained mutation: You are frail. (-10% HP) [potion of
                  | mutation]
   708 | D:2      | Gained mutation: You are agile. (Dex +4, Str/Int -1)
                  | [potion of mutation]
   746 | D:2      | Noticed Sigmund
   747 | D:2      | XOM: potion effect (might)
   754 | D:2      | Killed Sigmund
   755 | D:2      | Reached skill level 7 in Stealth
   755 | D:2      | Reached XP level 5. HP: 35/36 MP: 5/5
   755 | D:2      | Reached XP level 6. HP: 40/42 MP: 6/6
  1141 | D:3      | XOM: divination: detect items
  1905 | D:4      | Found Buse's Book Shop.
  1941 | D:4      | Reached skill level 8 in Stealth
  1982 | D:4      | Found a staircase to the Ecumenical Temple.
  2151 | D:4      | XOM: chaos cloud
  2163 | D:4      | You fall into a shaft and drop 2 floors!
  2200 | D:5      | Entered Level 5 of the Dungeon
  2319 | D:5      | Reached XP level 7. HP: 46/46 MP: 7/7
  2364 | D:5      | Reached skill level 9 in Stealth
  2933 | D:5      | XOM: summons 1 hostile demon
  3062 | D:6      | XOM: scenery: create altars
  3167 | D:6      | XOM: silly message
  3178 | D:6      | Reached skill level 10 in Stealth
  3219 | D:6      | Reached XP level 8. HP: 39/52 MP: 8/8
  3259 | D:6      | XOM: confusion
  3266 | D:6      | Reached skill level 11 in Stealth
  3351 | D:6      | XOM: swap monsters
  3416 | D:6      | Reached skill level 12 in Stealth
  3574 | D:6      | Found an ancient bone altar of Kikubaaqudgha.
  3580 | D:6      | Found a burning altar of Makhleb.
  3583 | D:6      | Found an opulent altar of Gozag.
  3583 | D:6      | Found a basalt altar of Yredelemnul.
  3590 | D:6      | Found a glowing golden altar of the Shining One.
  3688 | D:7      | XOM: smoke on damage
  3726 | D:8      | Found a flagged portal.
  3745 | Bailey   | Entered a bailey
  3766 | Bailey   | XOM: give mutation
  3766 | Bailey   | Gained mutation: You are weak. (Str -2) [Xom's mischief]
  3768 | Bailey   | XOM: polymorph orc -> howler monkey
  3776 | Bailey   | XOM: god gift: wand of acid (5)
  3779 | Bailey   | Slain by an orc warrior

Illustrated notes

Levels and vault maps discovered:
D:1:      grunt_arrival_lava_bath, layout_basic, hangedman_decor_opposing
D:2:      layout_rooms, uniq_sigmund
D:3:      layout_basic, serial_glass, glass_columns_c, glass_columns_c,
          glass_columns_c, glass_columns_a, glass_columns_b, glass_columns_c,
          roderic_lattice_a
D:4:      minmay_bubble_buster, layout_gridville,
          gammafunk_temple_overflow_wave, minmay_temple_entry_butterflies,
          serial_shops, shop
D:5:      layout_basic
D:6:      layout_basic, nicolae_overflow_hallway_of_the_gods, glass_columns_a
D:7:      layout_basic
D:8:      layout_gridville, mainiacjoe_overflow_chevrons, enter_bailey_3,
          ebering_ghost_reflecting_pool
Bailey:   bailey_polearm_1, bailey

Skill      XL: |  1  2  3  4  5  6  7  8 |
---------------+-------------------------+-----
Stealth        | 3 4 7 8 10 12 | 12.4
Fighting       | |  3.2
Short Blades   | |  3.0
Armour         | |  2.1
Dodging        | |  0.8

Action                     |  1- 3 |  4- 6 |  7- 9 || total
---------------------------+-------+-------+-------++-------
  Melee: Short sword       |    35 |    64 |       ||    99
         Dagger            |       |    38 |   190 ||   228
         Punch             |       |       |     2 ||     2
Ability: Shaft Self        |       |     1 |       ||     1
    Use: Scroll            |       |     9 |     3 ||    12
         Potion            |       |     3 |     3 ||     6
   Stab: Sleeping          |     6 |    16 |     8 ||    30
         Confused          |       |     1 |     1 ||     2
         Distracted        |       |       |     1 ||     1
 Armour: Leather armour    |    10 |    63 |   126 ||   199
  Dodge: Dodged            |     8 |    59 |   125 ||   192
